AoeStats
← 皮革城走位

Fortress

509551793Analyzed
4v4 RM · 5d ago on Sep 27, 2026· 37m 54s· 8 players
Game mode
Random Map
Map size
Huge
Population
200
Speed
Normal
Resources
Standard
Victory
Conquest
Starting age
Dark Age
Ending age
Imperial Age
RankedLock teamsTeams togetherTeam positionsShared explorationLock speedFull tech treeHidden civsTurbo modeCheats
Victory
Defeat
🇯🇵 Saxons · Japan
668
+17
🇨🇳 Persians · China
666
+17
🇹🇼 Goths · Taiwan
661
+17
🇹🇼 Mongols · Taiwan
613
+19
🇲🇽 Khmer · Mexico
726
-20
🇷🇺 Turks · Russia
703
-18
🇨🇳 Lithuanians · China
669
-17
🇲🇽 Khmer · Mexico
619
-15
teban0721
7:09 Feudal Age
8:22 Horse Collar
11:02 Castle Age
9:07 Double-Bit Axe
12:06 Bow Saw
11:54 Loom
15:00 Wheelbarrow
18:50 Hand Cart
18:53 Gold Mining
19:05 Heavy Plow
21:52 Gold Shaft Mining
22:12 Forging
22:03 Scale Mail Armor
22:09 Scale Barding Armor
25:25 Imperial Age
22:44 Town Watch
24:24 Bloodlines
24:15 Husbandry
24:47 Stone Mining
24:51 Fletching
25:22 Chain Barding Armor
26:14 Iron Casting
26:07 Ballistics
26:19 Town Patrol
27:14 Chain Mail Armor
26:57 Bodkin Arrow
27:04 Treadmill Crane
26:48 Pikeman
27:38 Thumb Ring
27:35 Padded Archer Armor
27:44 Cranequins
29:04 Conscription
28:07 Capped Ram
29:49 Plate Mail Armor
29:35 Bracer
30:39 Chemistry
29:34 Siege Ram
30:40 Squires
30:27 Heavy Mounted Crossbowman
33:17 Shield Wall
34:06 Elite Varangian Guard
34:33 Gambesons
35:09 Arson
36:18 Spies/Treason
gooloo gooloo
0:30 Loom
7:56 Feudal Age
8:31 Double-Bit Axe
9:12 Horse Collar
9:37 Town Watch
11:09 Wheelbarrow
10:31 Gold Mining
10:32 Stone Mining
17:13 Castle Age
15:59 Forging
15:49 Scale Mail Armor
15:26 Man-at-Arms
16:42 Scale Mail Armor
16:33 Fletching
18:36 Hand Cart
19:00 Iron Casting
18:27 Squires
19:57 Stone Shaft Mining
19:20 Long Swordsman
22:54 Town Patrol
24:30 Chain Mail Armor
27:32 Caravan
28:02 Coinage
27:31 Bodkin Arrow
29:26 Bow Saw
28:44 Pikeman
34:29 Imperial Age
33:28 Padded Archer Armor
33:33 Scale Barding Armor
33:42 Anarchy
33:46 Heavy Plow
34:25 Leather Archer Armor
34:27 Fervor
34:38 Sanctity
34:19 Devotion
36:28 Blast Furnace
35:29 Bracer
35:50 Chain Barding Armor
34:52 Two-Handed Swordsman
34:52 Halberdier
34:58 Halberdier
36:41 Chemistry
35:52 Masonry
35:23 Treadmill Crane
36:06 Ballistics
35:42 Murder Holes
36:22 Ring Archer Armor
36:24 Banking
36:04 Perfusion
36:25 Conscription
36:04 Sappers
37:07 Crop Rotation
36:53 Guilds
37:52 Two-Man Saw
36:52 Champion
Kaiiiiii
7:02 Feudal Age
12:48 Castle Age
15:16 Double-Bit Axe
15:49 Horse Collar
20:39 Imperial Age
20:24 Wheelbarrow
20:24 Double-Bit Axe
24:38 Scale Barding Armor
25:36 Fletching
25:46 Padded Archer Armor
25:51 Stone Mining
29:48 Fortified Wall
29:51 Bodkin Arrow
30:33 Murder Holes
31:06 Chain Barding Armor
31:38 Gold Mining
35:27 Gold Shaft Mining
35:27 Stone Shaft Mining
35:12 Hand Cart
36:09 Ballistics
皮革城走位
8:24 Feudal Age
8:55 Double-Bit Axe
8:56 Horse Collar
18:51 Castle Age
17:22 Gold Mining
17:24 Stone Mining
18:36 Fletching
21:08 Heavy Plow
21:47 Gold Shaft Mining
21:23 Bow Saw
22:31 Stone Shaft Mining
24:59 Forging
25:12 Ballistics
27:30 Town Watch
27:54 Scale Barding Armor
27:45 Bodkin Arrow
28:25 Iron Casting
27:51 Padded Archer Armor
27:57 Husbandry
28:07 Bloodlines
29:28 Town Patrol
murphyrh
5:53 Loom
9:38 Feudal Age
17:58 Castle Age
17:55 Double-Bit Axe
17:53 Horse Collar
Marco 1985 MÉXICO City
7:55 Feudal Age
12:30 Castle Age
12:32 Horse Collar
13:01 Double-Bit Axe
14:47 Wheelbarrow
14:51 Heavy Plow
15:23 Bow Saw
16:31 Hand Cart
16:02 Loom
23:03 Pikeman
27:14 Gold Mining
27:16 Stone Mining
29:37 Gold Shaft Mining
29:38 Stone Shaft Mining
28:33 Man-at-Arms
29:41 Bloodlines
29:32 Husbandry
32:38 Forging
32:29 Scale Mail Armor
32:20 Fletching
32:29 Murder Holes
32:55 Ballistics
32:47 Masonry
33:30 Chain Mail Armor
33:08 Long Swordsman
35:46 Light Cavalry
KSroido
7:23 Feudal Age
11:51 Castle Age
10:08 Double-Bit Axe
10:14 Horse Collar
12:12 Bloodlines
12:05 Scale Mail Armor
12:12 Scale Barding Armor
14:22 Wheelbarrow
15:29 Bow Saw
16:22 Heavy Plow
16:27 Husbandry
17:51 Town Watch
WINGER
9:32 Feudal Age
12:22 Double-Bit Axe
12:20 Horse Collar
15:20 Castle Age
13:48 Gold Mining
13:48 Stone Mining
Connection lost

Rejoining the realm…

Still unreachable

The connection could not be restored.

Session expired

The server has moved on; the page needs a fresh start.